 Dungeon Sprint DCSS version 0.25.1-2-g60ff931df9 (webtiles) character file.

Game seed: 13305885377562160845

2937 Groucho the Grappler (level 9, -6/101 HPs)
             Began as a Troll Monk on Aug 19, 2020.
             Was a High Priest of Makhleb.
             Mangled by a nine-headed hydra (12 damage)
             ... in the Dungeon (Sprint IX: "|||||||||||||||||||||||||||||").
             The game lasted 00:04:26 (1361 turns).

Groucho the Grappler (Troll Monk)                   Turns: 1361, Time: 00:04:27

Health: -6/101     AC:  7    Str: 23    XL:     9   Next: 51%
Magic:  12/12      EV: 19    Int:  6    God:    Makhleb [*****.]
Gold:   5          SH:  0    Dex: 13    Spells: 8/8 levels left

rFire    . . .     SeeInvis .     - Unarmed
rCold    . . .     Gourm    +   (no shield)
rNeg     . . .     Faith    .   a - +0 robe
rPois    .         Spirit   .   (helmet restricted)
rElec    .         Reflect  .   m - +0 cloak
rCorr    .         Harm     .   (gloves unavailable)
MR       .....     NoTele   +   (boots unavailable)
Stlth    ++........             (no amulet)
HPRegen  0.66/turn              n - +2 ring of evasion
MPRegen  0.13/turn              o - +2 ring of evasion

@: very slightly contaminated
A: large, unfitting armour, claws 3, fast metabolism 3, gourmand, regeneration
1, shaggy fur 1, tough skin 3
a: Minor Destruction, Lesser Servant of Makhleb, Major Destruction, Greater
Servant of Makhleb, Renounce Religion


You were in the Dungeon.
You worshipped Makhleb.
Makhleb was extremely pleased with you.
You were very full.

You visited 1 branch You collected 5 gold pieces.

Inventory:

Armour
 a - a +0 robe (worn)
 m - a +0 cloak (worn)
Jewellery
 n - a +2 ring of evasion (left claw)
 o - a +2 ring of evasion (right claw)
Wands
 l - a wand of iceblast (5)
Scrolls
 h - 2 scrolls of blinking
 j - 3 scrolls of remove curse
 k - 2 scrolls of amnesia
 s - a scroll of fear
 t - 2 scrolls of identify
 u - a scroll of fog
Potions
 c - 4 potions of curing
 d - 2 potions of heal wounds
 e - a potion of haste
 f - 4 potions of magic
 g - a potion of berserk rage
 i - a potion of invisibility
 q - a potion of stabbing
 r - a potion of brilliance
Comestibles
 b - 2 rations


   Skills:
 + Level 9.7 Fighting
 + Level 9.7 Dodging
 - Level 1.0 Stealth
 + Level 13.7 Unarmed Combat
 + Level 6.6 Invocations
 + Level 1.1 Evocations


You had 8 spell levels left.
You didn't know any spells.
Your spell library was empty.

Dungeon Overview and Level Annotations

Branches:
Dungeon (1/1)

Altars:
Cheibriados
Dithmenos
Elyvilon
Fedhas
Gozag
Hepliaklqana
Kikubaaqudgha
Makhleb
Nemelex Xobeh
Okawaru
Qazlal
Ru
Sif Muna
Trog
Uskayaw
Vehumet
Wu Jian
Xom
Yredelemnul
Zin
The Shining One
Beogh
Jiyva
Lugonu


Innate Abilities, Weirdness & Mutations

You are too large for most types of armour.
You have claws for hands.
Your metabolism is lightning-fast.
You like to eat raw meat.
Your natural rate of healing is unusually fast.
You are covered in fur. (AC +1)
You have extremely tough skin. (AC +3)


Message History

The nine-headed hydra bites you!
The nine-headed hydra barely misses you.
The nine-headed hydra misses you.
The nine-headed hydra completely misses you.
The nine-headed hydra bites you! The nine-headed hydra bites you.
The nine-headed hydra bites you!
* * * LOW HITPOINT WARNING * * *
The nine-headed hydra bites you.
* * * LOW HITPOINT WARNING * * *
The nine-headed hydra misses you.
You barely miss the nine-headed hydra.
The nine-headed hydra is almost dead.
The nine-headed hydra bites you!
* * * LOW HITPOINT WARNING * * *
The nine-headed hydra misses you.
The nine-headed hydra bites you but does no damage.
The nine-headed hydra misses you. The nine-headed hydra bites you!
* * * LOW HITPOINT WARNING * * *
The nine-headed hydra bites you!
You die...

▓.▓.▓_▓
▓l▓.▓_▓
▓'▓.▓_▓
▓.▓.▓_▓
▓S▓.▓_▓
▓r▓.▓_▓
▓S▓.▓_▓
▓D▓.▓_▓
▓@▓.▓_▓
▓.▓.▓_▓
▓.▓.▓_▓
▓.▓.▓_▓
▓'▓.▓_▓
▓.▓.▓_▓
▓.▓.▓_▓
▓.▓.▓_▓
▓.▓.▓_▓


You could see a nine-headed hydra, a komodo dragon, 2 water moccasins and a
porcupine.

Vanquished Creatures
  A black mamba (D)
  2 spiny frogs (D)
  An efreet (D)
  A blink frog (D)
  A hippogriff (D)
  A wyvern (D)
  A vampire (D)
  A basilisk (D)
  2 yaks (D)
  A water moccasin (D)
  2 porcupines (D)
  An eye of draining (D)
  A centaur (D)
  A crocodile (D)
  A wight (D)
  A hound (D)
  3 worker ants (D)
  An adder (D)
  2 leopard geckos (D)
  2 orcs (D)
  A goblin (D)
  A hobgoblin (D)
  A jackal skeleton (D)
  2 rats (D)
32 creatures vanquished.

Notes
Turn   | Place    | Note
-------+----------+-------------------------------------------
     0 | D        | Groucho the Troll Monk began the quest for the Orb.
     0 | D        | Reached XP level 1. HP: 22/22 MP: 0/0
    34 | D        | Noticed a centaur
    34 | D        | Noticed a worker ant
    34 | D        | Noticed a hound
    37 | D        | Killed a hound
    37 | D        | Reached skill level 5 in Unarmed Combat
    37 | D        | Reached XP level 2. HP: 31/31 MP: 1/1
    37 | D        | Reached XP level 3. HP: 37/37 MP: 2/2
    39 | D        | Reached skill level 6 in Unarmed Combat
    49 | D        | Killed a centaur
    49 | D        | Reached skill level 7 in Unarmed Combat
    49 | D        | Reached XP level 4. HP: 25/49 MP: 3/3
    49 | D        | Reached XP level 5. HP: 28/55 MP: 4/4
   187 | D        | Found a roughly hewn altar of Beogh.
   187 | D        | Found a snail-covered altar of Cheibriados.
   187 | D        | Found a shadowy altar of Dithmenos.
   187 | D        | Found a white marble altar of Elyvilon.
   187 | D        | Found a blossoming altar of Fedhas.
   187 | D        | Found an opulent altar of Gozag.
   188 | D        | Found a hazy altar of Hepliaklqana.
   189 | D        | Found a viscous altar of Jiyva.
   190 | D        | Found an ancient bone altar of Kikubaaqudgha.
   191 | D        | Found a corrupted altar of Lugonu.
   192 | D        | Found a burning altar of Makhleb.
   195 | D        | Found a sparkling altar of Nemelex Xobeh.
   196 | D        | Found an iron altar of Okawaru.
   197 | D        | Found a stormy altar of Qazlal.
   198 | D        | Found a sacrificial altar of Ru.
   199 | D        | Found a shimmering blue altar of Sif Muna.
   200 | D        | Found a bloodstained altar of Trog.
   201 | D        | Found a hide-covered altar of Uskayaw.
   202 | D        | Found a radiant altar of Vehumet.
   205 | D        | Found an ornate altar of the Wu Jian Council.
   206 | D        | Found a shimmering altar of Xom.
   207 | D        | Found a basalt altar of Yredelemnul.
   208 | D        | Found a glowing silver altar of Zin.
   209 | D        | Found a glowing golden altar of the Shining One.
   245 | D        | Noticed a water moccasin
   245 | D        | Noticed an eye of draining
   245 | D        | Noticed a yak
   251 | D        | Killed a yak
   251 | D        | Reached skill level 5 in Fighting
   251 | D        | Reached skill level 5 in Dodging
   251 | D        | Reached skill level 9 in Unarmed Combat
   251 | D        | Reached XP level 6. HP: 41/67 MP: 5/5
   257 | D        | Reached skill level 10 in Unarmed Combat
   261 | D        | Killed a water moccasin
   266 | D        | Reached skill level 11 in Unarmed Combat
   266 | D        | Reached XP level 7. HP: 45/76 MP: 6/6
   639 | D        | Became a worshipper of Makhleb the Destroyer
   639 | D        | Reached * piety under Makhleb
   639 | D        | Reached ** piety under Makhleb
   670 | D        | Noticed a yak
   670 | D        | Noticed a vampire
   670 | D        | Noticed an efreet
   674 | D        | Killed an efreet
   674 | D        | Reached skill level 12 in Unarmed Combat
   688 | D        | Killed a vampire
   688 | D        | Reached skill level 1 in Invocations
   693 | D        | Reached *** piety under Makhleb
   699 | D        | Killed a yak
   699 | D        | Reached XP level 8. HP: 64/88 MP: 6/8
   845 | D        | Noticed a spiny frog
   845 | D        | Noticed a black mamba
   845 | D        | Noticed a blink frog
   850 | D        | Killed a blink frog
   860 | D        | Killed a black mamba
   860 | D        | Reached **** piety under Makhleb
   866 | D        | Reached skill level 13 in Unarmed Combat
   874 | D        | Killed a spiny frog
   874 | D        | Reached skill level 5 in Invocations
   874 | D        | Reached XP level 9. HP: 69/98 MP: 10/12
   884 | D        | Reached ***** piety under Makhleb
  1348 | D        | Noticed a komodo dragon
  1348 | D        | Noticed a spiny frog
  1348 | D        | Noticed a six-headed hydra
  1349 | D        | Noticed a komodo dragon
  1359 | D        | Killed a spiny frog
  1359 | D        | Reached skill level 1 in Evocations
  1361 | D        | Mangled by a nine-headed hydra

Illustrated notes

Levels and vault maps discovered:
D:        linesprint [early_d, line_temple, items_1, d_10, items_2, lair_1,
          lair_end, items_3, orc_1, orc_end, items_4, d_15, swamp_1, shoals_1,
          snake_1, spider_1, d_20, vaults_1, items_5, swamp_end, shoals_end,
          snake_end, spider_end, vaults_end, d_27, items_6, zot_1, zot_end,
          crypt_end, forest_end, elf_end, slime_end, tomb_end, abyss_end,
          pan_hell_end]

Skill      XL: |  1  2  3  4  5  6  7  8  9 |
---------------+----------------------------+-----
Fighting       | 3 4 5 6 8 9 |  9.7
Dodging        | 3 4 5 6 8 9 |  9.7
Unarmed Combat | 5 7 9 11 12 13 | 13.7
Invocations    | 2 5 6 |  6.6
Evocations     | 1 |  1.1
Stealth        | |  1.0

Action                   |  1- 3 |  4- 6 |  7- 9 || total
-------------------------+-------+-------+-------++-------
Melee: Unarmed           |    24 |    22 |    62 ||   108
       Punch             |     1 |     2 |     2 ||     5
Evoke: Wand              |       |       |     5 ||     5
  Use: Potion            |       |       |     5 ||     5
       Scroll            |       |       |     1 ||     1
  Eat: Chunk             |     4 |     2 |    10 ||    16
Armor: Robe              |     6 |     1 |    16 ||    23
Dodge: Dodged            |    11 |     8 |    65 ||    84
